 Dungeon Crawl Stone Soup version 0.29-a0-1008-g949cc1d0fb (webtiles) character file.

Game seed: 1441972326762293899

118 concernfroge the Trooper (level 4, -5/39 HPs)
             Began as a Mummy Monk on Aug 7, 2022.
             Splashed by a jelly's acid (10 damage)
             ... on level 4 of the Dungeon.
             The game lasted 00:05:05 (2904 turns).

concernfroge the Trooper (Mummy Monk)               Turns: 2904, Time: 00:05:06

Health: -5/39      AC:  6    Str: 16    XL:     4   Next: 72%
Magic:  4/4        EV:  5    Int:  9    God:
Gold:   185        SH:  0    Dex: 14    Spells: 3/3 levels left

rFire   x . .      SeeInvis .   p - +0 trident (flame)
rCold   + + .      Faith    .   (no shield)
rNeg    + + +      Spirit   .   c - +0 plate armour
rPois   ∞          Reflect  .   m - +0 hat
rElec   .          Harm     .   (no cloak)
rCorr   .          Rampage  .   (no gloves)
Will    .....                   (no boots)
Stlth   ..........              (no amulet)
HPRegen 0.13/turn               a - ring of protection from cold
MPRegen 0.09/turn               (no ring)

@: weak-willed, corroded, studying Maces & Flails
A: cold resistance 1, negative energy resistance 3, torment resistance 2, heat
vulnerability 1, in touch with death 1, no potions
a: no special abilities


You were on level 4 of the Dungeon.
You visited 1 branch of the dungeon, and saw 4 of its levels.

You collected 185 gold pieces.

Inventory:

Hand Weapons
 p - a +0 trident of flaming (weapon)
Armour
 c - a +0 plate armour (worn)
 m - a +0 hat (worn)
Jewellery
 a - a ring of protection from cold (left hand)
 j - an amulet of faith
Scrolls
 f - a scroll of poison {unknown}
 g - 2 scrolls of identify {unknown}
 h - a scroll of enchant weapon {unknown}
 i - a scroll of blinking {unknown}
 k - a scroll of noise {unknown}
 l - 2 scrolls of acquirement
 o - a scroll of torment {unknown}


   Skills:
 + Level 5.5 Fighting
 - Level 2.4 Polearms
 - Level 2.4 Dodging
 - Level 1.5 Stealth


You had 3 spell levels left.
You didn't know any spells.
Your spell library contained the following spells:

 Spells                   Type           Power      Damage    Failure   Level
 Freeze                   Ice            0%         1d3       100%        1
 Sandblast                Erth           0%         2d4       100%        1
 Passwall                 Tmut/Erth      0%         N/A       100%        2
 Frozen Ramparts          Ice            0%         1d1       100%        3
 Stone Arrow              Conj/Erth      0%         3d7       100%        3
 Hailstorm                Conj/Ice       0%         3d3       100%        4


Dungeon Overview and Level Annotations

Branches:
Dungeon (4/15)
 Temple: D:4-7

Altars:


Innate Abilities, Weirdness & Mutations

You are immune to poison.
Your flesh is cold resistant. (rC+)
You are immune to negative energy. (rN+++)
You are immune to unholy pain and torment.
You are vulnerable to heat. (rF-)
You are in touch with the powers of death.
You do not drink.


Message History

You slide downwards.
The hatch slams shut behind you.
The iguana hisses angrily.
The endoplasm quivers.
Found a book of Spatial Translocations and 8 gold pieces.
Throw: throwing net
Press: ? - help, Q - select action Shift-Dir - straight line, f - iguana
Aim: an iguana (64% to hit)
You throw a throwing net.
The throwing net barely misses the iguana.
You closely miss the iguana. The iguana bites you!
You puncture the iguana!
The iguana is severely wounded.
The iguana bites you.
You closely miss the iguana.
The iguana is severely wounded.
The iguana hisses menacingly.
The iguana bites you!
The endoplasm hits you but does no damage.
As you read the scroll labelled ASOSUGU GOMUI, it crumbles to dust.
Magic quickly surges around you.
It was a scroll of vulnerability.
The iguana bites you! The endoplasm freezes you.
You are frozen.
You resist.
As you read the scroll labelled DAOKAD MEYBAGO, it crumbles to dust.
The creatures around you are filled with an inner flame!
It was a scroll of immolation.
The iguana bites you but does no damage.
The endoplasm freezes you.
You are frozen.
You resist.
As you read the scroll labelled UNYIPR INIH, it crumbles to dust.
It is a scroll of brand weapon.
Your +0 trident is engulfed in flames!
p - a +0 trident of flaming (weapon)
The iguana bites you.
* * * LOW HITPOINT WARNING * * *
The endoplasm freezes you.
You are frozen.
You resist. The jelly hits you.
* * * LOW HITPOINT WARNING * * *
The acid corrodes you!
You are splashed with acid!
You die...

########## #........#
.........# .........#
.........# .........#
.......J.##....>..
#......@.##....... #
#......lJ........# ..
#................#
...
#:...............##.?
..................h
.....$..........J#
...............<.#
.......(.........#
...##.####


You could see an iguana (inner flame, weak-willed), a jelly (inner flame,
weak-willed) and an endoplasm (inner flame, weak-willed).

Vanquished Creatures
  A hound (D:3)
  3 adders
  A dart slug (D:1)
  4 ball pythons
  6 bats
  7 endoplasms
  2 giant cockroaches (D:2)
  4 goblins
  9 hobgoblins
  4 quokkas
  4 frilled lizards (D:2)
  6 kobolds
  4 rats
55 creatures vanquished.

Notes
Turn   | Place    | Note
-------+----------+-------------------------------------------
     0 | D:1      | concernfroge the Mummy Monk began the quest for the Orb.
     0 | D:1      | Reached XP level 1. HP: 18/18 MP: 1/1
   532 | D:1      | Reached XP level 2. HP: 17/25 MP: 2/2
  1120 | D:2      | Reached skill level 4 in Fighting
  1120 | D:2      | Gained mutation: You are in touch with the powers of death.
                  | [Mummy growth]
  1120 | D:2      | Reached XP level 3. HP: 30/30 MP: 3/3
  2074 | D:2      | Found a faded altar of an unknown god.
  2228 | D:3      | Reached XP level 4. HP: 36/38 MP: 4/4
  2231 | D:3      | Identified 3 scrolls of acquirement
  2231 | D:3      | Acquired a manual of Maces & Flails
  2260 | D:3      | Reached skill level 5 in Fighting
  2866 | D:4      | Noticed a black bear
  2904 | D:4      | Splashed by a jelly's acid

Illustrated notes

Levels and vault maps discovered:
D:1:      giann_bridges, layout_loops_corners
D:2:      layout_basic, chequers_ecumenical_altar_grove
D:3:      layout_basic, nicolae_concentric_dashed_squares_mild,
          minmay_misc_feat_encased
D:4:      layout_rooms, hex_intersection

Skill      XL: |  1  2  3  4 |
---------------+-------------+-----
Fighting       | 4 5 |  5.5
Polearms       | |  2.4
Dodging        | |  2.4
Stealth        | |  1.5

Action                   |  1- 3 |  4- 6 || total
-------------------------+-------+-------++-------
Melee: Spear             |   181 |       ||   181
       Trident           |     7 |    56 ||    63
       Punch             |     1 |       ||     1
Throw: Throwing net      |       |     1 ||     1
  Use: Scroll            |       |     4 ||     4
 Stab: Sleeping          |     4 |       ||     4
Armor: Ring mail         |    50 |     8 ||    58
       Robe              |     1 |       ||     1
       Plate armour      |       |    32 ||    32
       Chain mail        |       |     1 ||     1
Dodge: Dodged            |    85 |    18 ||   103

Table legend: (Time is in decaauts)
 A = Elapsed time spent in this place.
 B = Non-inter-level travel time spent in this place.
 C = Inter-level travel time spent in this place.
 D = Time resting spent in this place.
 E = Time spent auto-exploring this place.
 F = Levels seen in this place.
 G = Mean time per level.
                   A        B        C        D        E       F      G
               +--------+--------+--------+--------+--------+-----+--------+
         Total |   2917 |   2767 |    150 |      0 |   2277 |   4 |  729.2 |
       Dungeon |   2917 |   2767 |    150 |      0 |   2277 |   4 |  729.2 |
               +--------+--------+--------+--------+--------+-----+--------+

Top non-repeatable levels by time:
     D:2: 1108 daAuts
     D:1: 1002 daAuts
     D:3: 785 daAuts
     D:4: 20 daAuts
